 Dungeon Crawl Stone Soup version 0.27-a0-1154-gfdeffcb720 (webtiles) character file.

Game seed: 12153895909644939759

248 Ellipsis the Chopper (level 5, -5/49 HPs)
             Began as a Deep Dwarf Fighter on May 14, 2021.
             Was a Plaything of Xom.
             Slain by an ogre
             ... wielding a +0 giant spiked club
              (29 damage)
             ... on level 4 of the Dungeon.
             The game lasted 00:13:21 (2729 turns).

Ellipsis the Chopper (Deep Dwarf Fighter)           Turns: 2729, Time: 00:13:21

Health: -5/49      AC:  8    Str: 21    XL:     5   Next: 86%
Magic:  4/4        EV:  8    Int:  8    God:    Xom [.*....]
Gold:   227        SH: 10    Dex: 12    Spells: 4/4 levels left

rFire    . . .     SeeInvis .   a - +2 war axe
rCold    . . .     Faith    .   c - +0 kite shield
rNeg     . . .     Spirit   .   b - +0 scale mail
rPois    .         Reflect  .   (helmet restricted)
rElec    .         Harm     .   (no cloak)
rCorr    .         Rampage  .   (no gloves)
Will     .....                  (no boots)
Stlth    ..........             (no amulet)
HPRegen  0.00/turn              q - ring of flight
MPRegen  0.09/turn              (no ring)

@: flying
A: damage resistance, heal wounds, sense surroundings 1, no regeneration, horns
1, shaggy fur 1
a: Heal Wounds, Renounce Religion


You were on level 4 of the Dungeon.
You worshipped Xom.
You were a plaything of Xom.
You visited 1 branch of the dungeon, and saw 4 of its levels.

You collected 227 gold pieces.

Inventory:

Hand Weapons
 a - a +2 war axe (weapon)
Missiles
 d - a throwing net
 j - 43 bolts
 o - 133 stones
Armour
 b - a +0 scale mail (worn)
 c - a +0 kite shield (worn)
 i - a +0 scale mail
Jewellery
 q - a ring of flight (left hand)
Wands
 u - a wand of paralysis (6)
 B - a wand of iceblast (9)
Scrolls
 f - a scroll of noise
 p - a scroll of teleportation {unknown}
 r - a scroll of vulnerability {unknown}
 t - a scroll of enchant armour {unknown}
 y - a scroll of amnesia {unknown}
 A - a scroll of identify
Potions
 e - a potion of flight {unknown}
 g - a potion of invisibility {unknown}
 h - a potion of magic {unknown}
 k - a potion of brilliance {unknown}
 l - a potion of mutation {unknown}
 m - a potion of berserk rage {unknown}
 n - 3 potions of heal wounds {unknown}
 s - a potion of haste {unknown}
 v - a potion of lignification {unknown}
 w - a potion of ambrosia {unknown}
 x - a potion of curing {unknown}
 z - a potion of attraction {unknown}


   Skills:
 + Level 3.5 Fighting
 + Level 4.6 Axes
 + Level 4.1 Armour
 + Level 1.0 Dodging
 + Level 0.2 Stealth
 + Level 4.4 Shields


You had 4 spell levels left.
You didn't know any spells.
Your spell library contained the following spells:

 Spells                   Type           Power      Damage    Failure   Level
 Magic Dart               Conj           0%         1d3       99%         1
 Shock                    Conj/Air       0%         1d3       99%         1
 Blink                    Tloc           N/A        N/A       100%        2
 Call Imp                 Summ           0%         N/A       100%        2
 Slow                     Hex            0%         N/A       100%        2
 Conjure Flame            Conj/Fire      0%         6-21      100%        3
 Mephitic Cloud           Conj/Pois/Air  0%         N/A       100%        3
 Airstrike                Air            0%         N/A       100%        4
 Fulminant Prism          Conj/Hex       0%         3d6       100%        4


Dungeon Overview and Level Annotations

Branches:
Dungeon (4/15)
 Temple: D:4-7

Altars:
Xom


Innate Abilities, Weirdness & Mutations

You are resistant to damage.
You can heal yourself by infusing magical energy.
You passively map a small area around you.
You do not regenerate.
You have a pair of small horns on your head.
You are covered in fur. (AC +1)


Message History

Found a stone staircase leading down.
Found 11 poisoned darts.
An adder skeleton comes into view.
You are too injured to fight recklessly!
You closely miss the adder skeleton. You headbutt the adder skeleton.
The adder skeleton is lightly damaged.
The adder skeleton bites you but does no damage.
The adder skeleton closely misses you.
You slash the adder skeleton!
The adder skeleton is heavily damaged.
The adder skeleton bites you but does no damage.
You block the adder skeleton's attack.
You slash the adder skeleton!
You destroy the adder skeleton!
Found a stone staircase leading up.
Found a spear.
You hear the rusting of a very distant drain.
B - a wand of iceblast (9)
There are no items here.
You see here a +0 spear.
You are now a plaything of Xom.
You now have 227 gold pieces (gained 9).
You hear the rusting of a distant drain.
An ogre comes into view. It is wielding a +0 giant spiked club.
The ogre shouts!
You fail to use your ability.
You fail to use your ability.
Your magical essence is drained by the effort!
You feel much better.
You slash the ogre!
The ogre is moderately wounded.
The ogre barely misses you. You block the ogre's attack.
You hit the ogre.
The ogre is heavily wounded.
The ogre hits you with a +0 giant spiked club!
You slash the ogre!
The ogre is almost dead.
The ogre hits you with a +0 giant spiked club!!
Ouch! That really hurt!
You die...

* *#......##.#.....>.......
#####.#####..##.........
#..###.#.###...##.... , *, ,
##.........#....#..... * ,
###...#.##..##.......... ,* ⌠
,*#.........###...........
#..##...........#......# ⌠,*,
#.###...#....####......# *, .
#......@#...#####......#
##+''#####...####O.###.##......##
#...........)###.................
...........#........##...........
......<....#....#..)#...#........
...........##...#.#.....#........
..#.......####....#.....#........
#......... ...........#......#.
..#..#.##........##...........##


You could see an ogre.

Vanquished Creatures
  A centaur skeleton (D:4)
  Ijyb (D:3)
  An iguana (D:4)
  4 gnolls
  6 adders
  An adder skeleton (D:4)
  2 worms
  A dart slug (D:3)
  5 orcs
  9 ball pythons
  3 endoplasms
  2 giant cockroaches (D:3)
  3 goblins
  4 hobgoblins
  6 kobolds
  4 quokkas
  A ball python zombie (D:1)
  8 bats
  7 frilled lizards
  A quokka zombie (D:1)
  A rat (D:2)
71 creatures vanquished.

Notes
Turn   | Place    | Note
-------+----------+-------------------------------------------
     0 | D:1      | Ellipsis the Deep Dwarf Fighter began the quest for the
                  | Orb.
     0 | D:1      | Reached XP level 1. HP: 20/20 MP: 1/1
    13 | D:1      | You fall into a shaft and drop 1 floor!
   156 | D:2      | Reached XP level 2. HP: 27/27 MP: 2/2
   419 | D:2      | Reached XP level 3. HP: 25/34 MP: 3/3
   544 | D:2      | Identified the Disquisition on Malediction and
                  | Weightlessness
  1074 | D:1      | Found a faded altar of an unknown god.
  1080 | D:1      | Became a worshipper of Xom of Chaos
  1097 | D:1      | XOM: silly message
  1238 | D:2      | XOM: divination: detect creatures
  1288 | D:2      | XOM: give mutations
  1288 | D:2      | Gained mutation: You are covered in fur. (AC +1) [Xom's
                  | grace]
  1288 | D:2      | Gained mutation: You have a pair of small horns on your
                  | head. [Xom's grace]
  1391 | D:2      | XOM: god gift: hand axe {god gift}
  1417 | D:2      | XOM: scenery: summon butterflies
  1567 | D:3      | Reached XP level 4. HP: 16/42 MP: 4/4
  1897 | D:3      | Reached skill level 1 in Dodging
  1959 | D:3      | Reached XP level 5. HP: 34/49 MP: 5/5
  2105 | D:3      | Noticed Ijyb
  2114 | D:3      | Paralysed by Ijyb for 4 turns
  2119 | D:3      | Killed Ijyb
  2151 | D:3      | XOM: god gift: 21 gold pieces
  2262 | D:3      | XOM: scenery: summon butterflies
  2478 | D:4      | XOM: scenery: 2 doors open
  2721 | D:4      | Noticed an ogre
  2729 | D:4      | Slain by an ogre

Illustrated notes

Levels and vault maps discovered:
D:1:      saegor_arrival_fortress, layout_basic, ebering_ecumenical_altar_webs,
          minivault_11, minmay_misc_feat_columns
D:2:      layout_loops_corners, grunt_ministairs_1, minivault_24
D:3:      layout_rooms, st_stairs_13, minmay_fractal_squares_diagonal_5,
          uniq_ijyb
D:4:      layout_cave_pools, kennysheep_vampire_church, portal_sewer_entry_b,
          serial_shops, shop

Skill      XL: |  1  2  3  4  5 |
---------------+----------------+-----
Fighting       | 3 |  3.5
Axes           | 3 4 |  4.6
Armour         | 4 |  4.1
Dodging        | 1 |  1.0
Shields        | 4 |  4.4
Stealth        | |  0.2

Action                   |  1- 3 |  4- 6 || total
-------------------------+-------+-------++-------
Melee: War axe           |   115 |    94 ||   209
       Headbutt          |     1 |    18 ||    19
 Abil: Heal Wounds       |     3 |     3 ||     6
  Use: Scroll            |     3 |     1 ||     4
       Potion            |     1 |       ||     1
Armor: Scale mail        |    44 |    43 ||    87
Dodge: Dodged            |    38 |    35 ||    73
Block: Kite shield       |    61 |    64 ||   125

Table legend: (Time is in decaauts)
 A = Elapsed time spent in this place.
 B = Non-inter-level travel time spent in this place.
 C = Inter-level travel time spent in this place.
 D = Time resting spent in this place.
 E = Time spent auto-exploring this place.
 F = Levels seen in this place.
 G = Mean time per level.
                   A        B        C        D        E       F      G
               +--------+--------+--------+--------+--------+-----+--------+
         Total |   2849 |   2723 |    126 |      0 |   1932 |   4 |  712.2 |
       Dungeon |   2849 |   2723 |    126 |      0 |   1932 |   4 |  712.2 |
               +--------+--------+--------+--------+--------+-----+--------+

Top non-repeatable levels by time:
     D:2: 1164 daAuts
     D:3: 759 daAuts
     D:1: 657 daAuts
     D:4: 268 daAuts
